 Dungeon Crawl Stone Soup version 0.31.0-2-g5a2aebc5c2 (webtiles) character file.

Game seed: 6474168660685587305

14504 Laraso the Sage (level 12, -3/107 HPs)
             Began as an Oni Fire Elementalist on Jan 20, 2024.
             Was a High Priest of Sif Muna.
             Slain by a centaur
             ... wielding a +1 great mace of protection
              (15 damage)
             ... on level 10 of the Dungeon.
             The game lasted 00:20:46 (15105 turns).

Laraso the Sage (Oni Fire Elementalist)            Turns: 15105, Time: 00:20:47

Health: -3/107     AC:  5    Str: 15    XL:     12   Next: 17%
Magic:  7/24       EV:  9    Int: 20    God:    Sif Muna [*****.]
Gold:   241        SH:  0    Dex:  9    Spells: 7/27 levels left

rFire   . . .        b - +7 staff of the Meek {protect, meekguard}
rCold   + . .        (shield currently unavailable)
rNeg    + . .        M - +0 troll leather armour
rPois   .            (helmet restricted)
rElec   .            p - +0 cloak
rCorr   .            (gloves unavailable)
SInv    .            (boots unavailable)
Will    +....        m - amulet of magic regeneration
Stlth   +            d - ring of protection from cold
HPRegen 1.17/turn    v - ring of positive energy
MPRegen 0.59/turn

%: no passive effects
@: very slightly contaminated, studying Stealth
A: large, unfitting armour, horns 1, tough skin 1, double potion healing,
drunken brawling
a: Renounce Religion, Channel Magic, Forget Spell, Divine Exegesis


You were on level 10 of the Dungeon.
You worshipped Sif Muna.
Sif Muna was extremely pleased with you.
You visited 2 branches of the dungeon, and saw 11 of its levels.
You also visited: Ossuary.

You collected 592 gold pieces.
You spent 351 gold pieces at shops.

Inventory:

Hand Weapons
 b - the +7 staff of the Meek (weapon) {protect, meekguard}
   (You found it on level 9 of the Dungeon)
 F - a +4 quarterstaff of chaos
Missiles
 J - a throwing net
Armour
 p - a +0 cloak (worn)
 M - a +0 troll leather armour (worn)
Magical Staves
 a - a staff of conjuration
Jewellery
 d - a ring of protection from cold (left hand)
 m - an amulet of magic regeneration (around neck)
 v - a ring of positive energy (right hand)
 I - a ring of see invisible
Wands
 e - a wand of flame (15)
 h - a wand of quicksilver (14)
 A - a wand of charming (26)
 E - a wand of polymorph (11)
 G - a wand of digging (8)
 H - a wand of mindburst (23)
Scrolls
 c - 2 scrolls of immolation
 f - 3 scrolls of fear
 g - a scroll of fog
 i - 3 scrolls of vulnerability
 k - a scroll of brand weapon
 l - a scroll of summoning
 q - a scroll of enchant armour
 r - 2 scrolls of noise {unknown}
 s - 7 scrolls of teleportation
 t - a scroll of amnesia
 u - a scroll of enchant weapon
 x - 5 scrolls of poison
 y - a scroll of revelation {unknown}
Potions
 j - a potion of brilliance {unknown}
 n - 4 potions of attraction
 o - 3 potions of enlightenment
 w - 2 potions of mutation {unknown}
 z - a potion of lignification
 B - 2 potions of curing
 C - 5 potions of heal wounds
 D - a potion of might {unknown}
 K - a potion of magic
 L - 3 potions of ambrosia


   Skills:
 - Level 4.0 Fighting
 - Level 3.2(4.8) Maces & Flails
 - Level 5.5(6.0) Staves
 - Level 1.7 Dodging
 - Level 1.4 Stealth
 - Level 8.0 Spellcasting
 - Level 8.0 Conjurations
 - Level 8.0 Fire Magic
 * Level 3.6 Air Magic
 * Level 3.6 Alchemy
 - Level 12.0 Invocations


You had 7 spell levels left.
You knew the following spells:

 Your Spells              Type           Power      Damage    Failure   Level
a - Foxfire               Conj/Fire      100%       2x1d9     1%          1
b - Scorch                Fire           80%        2d8       1%          2
c - Flame Wave            Conj/Fire      40%        2d11      3%          4
d - Sticky Flame          Fire/Alch      31%        2d7       10%         4
s - Swiftness             Air            22%        N/A       7%          3
v - Starburst             Conj/Fire      20%        6d7       52%         6

Your spell library contained the following spells:

 Spells                   Type           Power      Damage    Failure   Level
 Shock                    Conj/Air       100%       1d9       1%          1
 Sting                    Conj/Alch      100%       1d9       1%          1
 Inner Flame              Hex/Fire       24%        N/A       6%          3
 Volatile Blastmotes      Fire/Tloc      48%        2d14      6%          3
 Ensorcelled Hibernation  Hex/Ice        16%        N/A       16%         2
 Irradiate                Conj/Alch      15%        3d16      26%         5
 Passwall                 Erth           8%         N/A       30%         3
 Plasma Beam              Fire/Air       15%        2x1d27    83%         6
 Malign Gateway           Summ/Tloc      4%         N/A       100%        7
 Infestation              Necr           4%         N/A       100%        8


Dungeon Overview and Level Annotations

Branches:
Dungeon (10/15)            Temple (1/1) D:5            Lair (0/5) D:9
    Orc (0/2) D:9         Ossuary (visited)

Altars:
Ashenzari
Cheibriados
Dithmenos
Elyvilon
Fedhas
Gozag
Hepliaklqana
Kikubaaqudgha
Makhleb
Nemelex Xobeh
Okawaru
Qazlal
Ru
Sif Muna
Trog
Uskayaw
Vehumet
Wu Jian
Xom
Yredelemnul
Zin
The Shining One

Shops:
D:4 *   D:8 *

Annotations:
D:3 2 transporters, apoch's ghost, amateur HOFi


Innate Abilities, Weirdness & Mutations

You are too large for most types of armour.
You have a pair of small horns on your head.
You have tough skin. (AC +1)
You gain doubled healing and magic from potions.
Whenever you drink a healing potion, you attack all around you.


Message History

Flames lash the centaur.
The centaur resists.
The centaur is moderately wounded.
The centaur's fire resistance burns away.
The centaur hits you with a +1 great mace of protection!!
* * * LOW HITPOINT WARNING * * *
The centaur kicks you but does no damage.
Casting: Scorch (safe; 1% risk of failure)
Confirm with . or Enter, or press ? or * to list all spells.
Casting: Flame Wave (dangerous; 3% risk of failure)
Press: ? - help, Dir - look around, f - activate You miscast Flame Wave.
You are very lightly contaminated with residual magic.
Nothing appears to happen.
The centaur hits you with a +1 great mace of protection.
* * * LOW HITPOINT WARNING * * *
The centaur barely misses you. x2
The centaur kicks you but does no damage.
Unknown command.
Casting: Flame Wave (dangerous; 3% risk of failure)
Confirm with . or Enter, or press ? or * to list all spells.
Casting: Flame Wave (dangerous; 3% risk of failure)
Press: ? - help, Dir - look around, f - activate You miscast Flame Wave.
Nothing appears to happen.
The centaur barely misses you.
The centaur kicks you but does no damage.
Unknown command.
Casting: Flame Wave (dangerous; 3% risk of failure)
Confirm with . or Enter, or press ? or * to list all spells.
Casting: Flame Wave (dangerous; 3% risk of failure)
Press: ? - help, Dir - look around, f - activate A wave of flame ripples out!
The flame wave engulfs the centaur.
The centaur resists.
The centaur is severely wounded. (Press . to intensify the flame waves.)
The centaur is no longer more vulnerable to fire.
The centaur hits you with a +1 great mace of protection.
* * * LOW HITPOINT WARNING * * *
The centaur kicks you but does no damage.
The centaur hits you with a +1 great mace of protection!
You die...

.............######......###.....
.....................8.........#.
........................)........
......####'#.....................
......#....#.......).............
......#....#.....................
......#....#.................<...
......#[####....c...............)
................@................
##.....#######......####.........
##.....#.....#......#..######....
'......#............#.......#...[
'......#..≈≈≈≈§≈≈≈≈..#......#...<
##.....'..≈.......§..#......#..[.
#.....##.≈.≈≈≈§≈.≈..#......#....
#........≈.≈...≈.≈..#......+....
##........≈.≈._.≈.≈..#####'##....


You could see a centaur.

Vanquished Creatures
  A manticore (D:10)
  A cyclops (D:7)
  Maurice (D:9)
  4 gargoyles
  A troll (D:10)
  A hornet (D:9)
  3 shadows (D:9)
  2 vampires
  Eustachio (D:4)
  16 yaks
  4 fire bats
  Menkaure (D:4)
  A warg (D:9)
  Edmund (D:5)
  An acid dragon (D:8)
  3 water moccasins
  12 orc warriors
  A sky beast (D:7)
  An ice beast (D:3)
  2 black bears
  2 ogres
  2 wolves (D:9)
  A tengu (D:7)
  2 phantoms
  8 centaurs
  2 elf zombies (Ossuary)
  5 bullfrogs
  3 kobold brigands
  8 gnoll sergeants
  A scorpion (D:5)
  A wight (D:9)
  10 killer bees
  A howler monkey (D:9)
  3 centaur zombies (Ossuary)
  A human zombie (Ossuary)
  A hound (D:5)
  A jelly (D:5)
  A bombardier beetle (D:4)
  A gnoll bouda (D:5)
  Crazy Yiuf (D:2)
  13 orc priests
  A sleepcap (D:6)
  Ijyb (D:3)
  5 iguanas
  15 orc wizards
  9 hound zombies (Ossuary)
  2 mummies (Ossuary)
  14 gnolls
  10 adders
  4 white imps (D:8)
  4 adder zombies (Ossuary)
  4 dart slugs
  51 orcs
  7 ball pythons
  3 bats (D:1)
  5 endoplasms
  6 giant cockroaches
  12 goblins
  2 hobgoblins
  A quokka (D:2)
  4 frilled lizards
  A gnoll zombie (Ossuary)
  5 jackal zombies (Ossuary)
  11 kobolds
  7 kobold zombies (Ossuary)
  5 orc zombies (Ossuary)
  3 rats
318 creatures vanquished.

Vanquished Creatures (collateral kills)
  The ghost of benadryl the Grappler, a novice TrSh of Uskayaw (D:9)
  The ghost of avangion the Thaumaturge, a novice DECj of Vehumet (D:9)
2 creatures vanquished.

Vanquished Creatures (others)
  27 foxfires
27 creatures vanquished.

Grand Total: 347 creatures vanquished

Notes
Turn   | Place    | Note
-------+----------+-------------------------------------------
     0 | D:1      | Laraso the Oni Fire Elementalist began the quest for the
                  | Orb.
     0 | D:1      | Reached XP level 1. HP: 16/16 MP: 3/3
   170 | D:1      | Reached XP level 2. HP: 24/24 MP: 4/6
   173 | D:1      | Learned a level 2 spell: Scorch
   569 | D:1      | Reached skill level 1 in Maces & Flails
   569 | D:1      | Reached XP level 3. HP: 31/31 MP: 0/8
  1319 | D:2      | Reached XP level 4. HP: 39/39 MP: 5/10
  1405 | D:2      | Found a sacrificial altar of Ru.
  1724 | D:2      | Found a runed translucent door.
  1725 | D:2      | Noticed Crazy Yiuf
  1813 | D:2      | Killed Crazy Yiuf
  2258 | D:3      | Found a transporter.
  2362 | D:3      | Noticed Ijyb
  2376 | D:3      | Killed Ijyb
  2377 | D:3      | Reached skill level 1 in Staves
  2377 | D:3      | Reached XP level 5. HP: 15/45 MP: 8/11
  2619 | D:3      | Found a transporter.
  2639 | D:3      | Noticed an ice beast
  2652 | D:3      | Noticed apoch's ghost (amateur HOFi)
  2662 | D:3      | Killed an ice beast
  2663 | D:3      | Reached XP level 6. HP: 13/53 MP: 6/12
  2675 | D:3      | Reached skill level 1 in Conjurations
  3112 | D:4      | Noticed Menkaure
  3396 | D:4      | HP: 2/53 [Menkaure (8)]
  3397 | D:4      | Killed Menkaure
  3398 | D:4      | Reached XP level 7. HP: 21/59 MP: 1/13
  3533 | D:3      | Learned a level 4 spell: Flame Wave
  3773 | D:4      | Identified the +6 whip of Twilight {venom, Str+4}
  3816 | D:4      | Found an iron altar of Okawaru.
  4161 | D:4      | Found Ympuic's General Store.
  4165 | D:4      | Noticed Eustachio
  4176 | D:4      | Killed Eustachio
  4410 | D:5      | Entered Level 5 of the Dungeon
  4685 | D:5      | Reached XP level 8. HP: 67/67 MP: 10/14
  4728 | D:5      | Found a staircase to the Ecumenical Temple.
  4748 | D:5      | Reached skill level 5 in Staves
  4757 | Temple   | Entered the Ecumenical Temple
  4766 | Temple   | Became a worshipper of Sif Muna the Loreminder
  4832 | D:5      | Noticed Edmund
  4847 | D:5      | Killed Edmund
  4848 | D:5      | Reached skill level 1 in Fighting
  5359 | D:5      | Found a snail-covered altar of Cheibriados.
  5369 | D:5      | Reached skill level 5 in Spellcasting
  5961 | D:6      | Found a sand-covered staircase.
  6003 | D:6      | Reached XP level 9. HP: 31/84 MP: 19/19
  6097 | Ossuary  | Entered an ossuary
  6212 | Ossuary  | Reached * piety under Sif Muna
  6518 | Ossuary  | Reached skill level 1 in Invocations
  6523 | Ossuary  | Reached ** piety under Sif Muna
  6560 | Ossuary  | Reached skill level 2 in Invocations
  6693 | D:6      | Reached skill level 3 in Invocations
  6750 | D:6      | Found a bloodstained altar of Trog.
  6840 | D:4      | Bought a scroll of identify for 26 gold pieces
  6928 | D:6      | Reached skill level 4 in Invocations
  7258 | D:7      | Reached skill level 5 in Invocations
  7262 | D:7      | Reached skill level 6 in Invocations
  7364 | D:7      | Reached skill level 7 in Invocations
  7411 | D:7      | Noticed a gargoyle
  7420 | D:7      | Killed a gargoyle
  7420 | D:7      | Reached *** piety under Sif Muna
  7421 | D:7      | Reached skill level 5 in Conjurations
  7421 | D:7      | Reached skill level 5 in Fire Magic
  7421 | D:7      | Reached XP level 10. HP: 8/92 MP: 12/22
  7641 | D:7      | Noticed a cyclops
  7651 | D:7      | Killed a cyclops
  8731 | D:8      | Found Zaskonk's Sacrilege Store.
  9225 | D:4      | Bought a staff of conjuration for 325 gold pieces
  9232 | D:4      | Learned a level 6 spell: Starburst
  9821 | D:8      | Found a radiant altar of Vehumet.
  9855 | D:9      | Reached **** piety under Sif Muna
 10266 | D:9      | Noticed Maurice
 10267 | D:9      | Found a hide-covered altar of Uskayaw.
 10271 | D:9      | Something stole a +4 quarterstaff of chaos
 10272 | D:9      | Something stole a ring of see invisible
 10273 | D:9      | Something stole 37 gold
 10285 | D:9      | Killed Maurice
 10946 | D:9      | Reached XP level 11. HP: 64/100 MP: 14/23
 10968 | D:9      | Found the +7 staff of the Meek {protect, meekguard}
 11332 | D:9      | Found a runed translucent gate.
 11333 | D:9      | Found a runed translucent gate.
 11333 | D:9      | Noticed benadryl's ghost (novice TrSh)
 11335 | D:9      | Found a runed translucent gate.
 11337 | D:9      | Noticed avangion's ghost (novice DECj)
 11448 | D:9      | Found a staircase to the Lair.
 11699 | D:9      | Found a staircase to the Orcish Mines.
 11835 | D:9      | Killed avangion's ghost
 11836 | D:9      | Reached skill level 8 in Invocations
 11840 | D:9      | Killed benadryl's ghost
 11841 | D:9      | Reached skill level 9 in Invocations
 11860 | D:9      | Got the Vellum of Mustering and Hyperthermia
 11867 | D:9      | Learned a level 4 spell: Sticky Flame
 11871 | D:9      | Learned a level 3 spell: Swiftness
 11901 | D:10     | Entered Level 10 of the Dungeon
 11901 | D:10     | Found a flagged portal.
 11910 | D:10     | Reached skill level 10 in Invocations
 11911 | D:10     | Reached ***** piety under Sif Muna
 12479 | D:9      | Reached skill level 11 in Invocations
 13679 | D:10     | Found a shadowy altar of Dithmenos.
 13787 | D:10     | Found a stormy altar of Qazlal.
 13790 | D:10     | Noticed a manticore
 13796 | D:10     | Killed a manticore
 13846 | D:10     | Reached skill level 12 in Invocations
 14016 | D:10     | Reached skill level 1 in Air Magic
 14016 | D:10     | Reached skill level 1 in Alchemy
 14094 | D:10     | Found a sacrificial altar of Ru.
 14611 | D:10     | Reached XP level 12. HP: 64/107 MP: 20/24
 14754 | D:10     | Received a gift from Sif Muna
 14852 | D:10     | Got Sif Muna's Precepts of Decaying Impulse {god gift}
 14884 | D:10     | Noticed a hell knight
 14885 | D:10     | Noticed a hell knight
 15105 | D:10     | Slain by a centaur

Illustrated notes

Levels and vault maps discovered:
D:1:      sevenhm_arrival_forest_fort_small_4, layout_basic
D:2:      layout_basic, basic_altar, uniq_crazy_yiuf_cottage
D:3:      layout_basic, gammafunk_ghost_stat_death, uniq_ijyb
D:4:      layout_rooms, hellmonk_okawaru_the_only_friend_you_need,
          hangedman_decor_points, minmay_shop_grid_forest, corner_web_ring,
          serial_bayou_lake_a, uniq_menkaure, uniq_eustachio
D:5:      layout_loops_corners, mainiacjoe_overflow_catwalk,
          minmay_temple_entry_waves, uniq_edmund
D:6:      layout_cave_pools, mainiacjoe_overflow_tiny_flanked,
          nicolae_ossuary_entry_ruins, nicolae_nh_ransacked_shop
D:7:      layout_basic, minmay_three_doors
D:8:      layout_rooms, vehumet_crystals, serial_demonic, serial_demonic_b,
          serial_demonic_c, serial_demonic_g, serial_demonic_a,
          nicolae_evil_shop
D:9:      layout_irregular_city, nicolae_overflow_crystal_walls,
          erik_lair_orcish_takeover, orc_0_dummy, gammafunk_ghost_cemetery,
          pf_guarded_unrand_meek, uniq_maurice
D:10:     regret_index_infernal_bastille, layout_irregular_city,
          mainiacjoe_overflow_concentric_impassable,
          nicolae_ru_the_path_less_chosen, mainiacjoe_overflow_small_starburst,
          enter_bailey_5, blue_anna_alchemist
Temple:   nicolae_temple_ecumenical_triangle

Skill      XL: |  1  2  3  4  5  6  7  8  9 10 11 12 |
---------------+-------------------------------------+-----
Spellcasting   | 3 4 7 8 |  8.0
Maces & Flails | 1 2 3 |  3.2
Staves         | 1 3 4 5 |  5.5
Conjurations   | 2 4 5 7 8 |  8.0
Fire Magic     | 3 4 5 7 8 |  8.0
Fighting       | 4 |  4.0
Invocations    | 7 12 | 12.0
Air Magic      | 2 3 |  3.6
Alchemy        | 2 3 |  3.6
Dodging        | |  1.7
Stealth        | |  1.4

Action                     |  1- 3 |  4- 6 |  7- 9 | 10-12 || total
---------------------------+-------+-------+-------+-------++-------
  Melee: Whip              |    18 |       |       |       ||    18
         Headbutt          |     3 |     7 |    43 |    17 ||    70
         Quarterstaff      |       |    36 |   185 |    65 ||   286
         Staff             |       |       |       |     5 ||     5
   Cast: Foxfire           |     9 |     5 |     2 |       ||    16
         Scorch            |    20 |    24 |    75 |    95 ||   214
         Flame Wave        |       |       |     8 |    61 ||    69
 Invoke: Channel Magic     |       |       |       |     1 ||     1
  Evoke: Wand              |       |       |     3 |     1 ||     4
    Use: Scroll            |       |     7 |     3 |    10 ||    20
         Potion            |       |     1 |     1 |     2 ||     4
   Stab: Confused          |       |       |     1 |       ||     1
 Armour: Robe              |    25 |    38 |   189 |   178 ||   430
         Troll leather arm |       |       |       |   162 ||   162
         Skin              |       |       |       |    13 ||    13
  Dodge: Dodged            |     4 |    23 |    98 |   165 ||   290
